 Dungeon Crawl Stone Soup version 0.26.1-10-gdfb7c7de75 (webtiles) character file.

Game seed: 3060827474570263161

14219 diana the Fighter (level 11, -4/98 HPs)
             Began as a Demonspawn Berserker on Apr 10, 2021.
             Was the Champion of Trog.
             Slain by an orc warrior
             ... wielding a +0 spear
              (7 damage)
             ... in a bailey.
             The game lasted 00:18:50 (11627 turns).

diana the Fighter (Demonspawn Berserker)           Turns: 11627, Time: 00:18:52

Health: -4/98      AC: 22    Str: 21    XL:     11   Next: 85%
Magic:  0/11       EV:  7    Int:  8    God:    Trog [******]
Gold:   609        SH:  0    Dex: 13    Spells: 10/10 levels left

rFire    . . .     SeeInvis .   R - +2 war axe (freeze)
rCold    . . .     Faith    .   (no shield)
rNeg     . . .     Spirit   +   j - +0 plate armour
rPois    .         Reflect  .   (helmet restricted)
rElec    .         Harm     .   (no cloak)
rCorr    .         Rampage  .   (no gloves)
Will     .....                  t - +0 pair of boots
Stlth    ..........             B - amulet of regeneration
HPRegen  0.66/turn              g - ring of stealth
MPRegen  0.24/turn              i - +4 ring of protection

@: berserk cooldown, slowed, very slow
A: horns 2, molten scales 2, powered by death 2, magic shield, magic
regeneration
a: Renounce Religion, Berserk, Trog's Hand, Brothers in Arms


You were in a bailey.
You worshipped Trog.
Trog was exalted by your worship.
You visited 1 branch of the dungeon, and saw 11 of its levels.
You also visited: Bailey.

You collected 669 gold pieces.
You spent 60 gold pieces at shops.

Inventory:

Hand Weapons
 A - a +0 battleaxe
 G - a +1 battleaxe of electrocution
 P - a +1 hand axe of flaming
 R - a +2 war axe of freezing (weapon)
Missiles
 M - 2 throwing nets
Armour
 j - a +0 plate armour (worn)
 t - a +0 pair of boots (worn)
Jewellery
 g - a ring of stealth (left hand)
 i - a +4 ring of protection (right hand)
 B - an amulet of regeneration (around neck)
 D - an uncursed ring of poison resistance
 Q - an uncursed amulet of reflection {unknown}
Wands
 a - a wand of flame (15)
 y - a wand of iceblast (9)
 H - a wand of paralysis (10)
Scrolls
 b - 3 scrolls of noise
 e - a scroll of brand weapon {unknown}
 f - 3 scrolls of enchant weapon
 h - 5 scrolls of magic mapping
 k - 13 scrolls of remove curse
 l - a scroll of random uselessness {unknown}
 m - 4 scrolls of teleportation
 p - 5 scrolls of identify
 s - a scroll of immolation {unknown}
 v - a scroll of blinking
 C - 4 scrolls of fear
 F - 4 scrolls of amnesia {unknown}
 I - 2 scrolls of enchant armour {unknown}
 K - 3 scrolls of fog {unknown}
 L - 3 scrolls of holy word {unknown}
 N - 2 scrolls of silence {unknown}
 O - a scroll of torment {unknown}
Potions
 c - 4 potions of mutation
 d - 2 potions of lignification
 n - a potion of curing {unknown}
 o - 2 potions of might
 q - 2 potions of brilliance
 r - a potion of haste {unknown}
 u - 4 potions of flight
 w - a potion of cancellation {unknown}
 x - 2 potions of attraction {unknown}
 z - 2 potions of degeneration {unknown}
 E - 2 potions of berserk rage {unknown}
 J - 2 potions of magic {unknown}


   Skills:
 * Level 13.5 Fighting
 + Level 9.4 Axes
 + Level 9.1 Armour
 - Level 1.7 Dodging


You had 10 spell levels left.
You didn't know any spells.
Your spell library was empty.

Dungeon Overview and Level Annotations

Branches:
Dungeon (11/15)            Temple (0/1) D:6            Lair (0/6) D:8
    Orc (0/2) D:10         Bailey (1/1)

Altars:
Ashenzari
Cheibriados
Dithmenos
Gozag
Hepliaklqana
Kikubaaqudgha
Makhleb
Nemelex Xobeh
Okawaru
Sif Muna
Vehumet
Wu Jian
Xom
Zin

Shops:
D:6 [   D:7 (   D:8 ?

Annotations:
D:2 1 runed translucent door, Crazy Yiuf


Innate Abilities, Weirdness & Mutations

You have a pair of horns on your head.
You are mostly covered in molten scales. (AC +3)
You regenerate health from kills.
When hurt, damage is shared between your health and your magic reserves.
You regenerate magic rapidly.


Message History

You barely miss the orc warrior. Your headbutt misses the orc warrior.
The orc warrior is heavily wounded.
You closely miss the orc warrior.
The orc warrior hits you with a +0 bardiche.
The orc warrior barely misses you.
You barely miss the orc warrior.
The orc warrior is heavily wounded.
You hit the orc warrior. You freeze the orc warrior.
The orc warrior hits you with a +0 spear!!
* * * LOW HITPOINT WARNING * * *
The orc warrior hits you but does no damage.
The orc warrior hits you with a +0 spear.
* * * LOW HITPOINT WARNING * * *
Your plate armour prevents you from hitting the orc warrior.
The orc warrior is almost dead.
You barely miss the orc warrior.
The orc warrior hits you with a +0 bardiche!
* * * LOW HITPOINT WARNING * * *
The orc warrior hits you with a +0 spear!
You die...

..≈.o^..≈...............≈oo
..≈##.o#≈...............≈#∩.
..≈≈#o#.≈...(#######....≈o#.
...≈≈≈≈≈.....##....##....≈≈
.......o....(##.....##
............(##'''#..##
.........##(.##∩)∩##..#
.....o... #(####'####.#
........ #)' #o@)#)'.#
....... #)###.o.###.# .....
#)')#).?#.).# .....
#(#########.# .....
#.(##)#)##..# .....
##..#'#'#..## .....
##.......## ...≈≈ #########
..≈≈#


You could see 2 orc warriors.

Vanquished Creatures
  Harold (D:7)
  A two-headed ogre (D:10)
  5 skeletal warriors
  Pikel (D:5)
  An orc knight (Bailey)
  A cyclops (D:11)
  Maggie (D:10)
  A komodo dragon (D:8)
  A troll (D:10)
  Grinder (D:3)
  Sigmund (D:5)
  A wyvern (D:10)
  6 yaks (D:7)
  Menkaure (D:4)
  Edmund (D:4)
  Duvessa (D:4)
  2 water moccasins
  3 ice beasts
  2 phantoms
  4 sky beasts
  3 black bears
  7 orc warriors
  6 ogres
  4 centaurs
  A necrophage (D:3)
  A lemure (D:5)
  Blork the orc (D:4)
  4 big kobolds
  5 bullfrogs
  Dowan (D:4)
  8 scorpions
  3 killer bees (D:9)
  3 wights (D:6)
  5 howler monkeys
  4 bullfrog zombies
  A centaur zombie (D:7)
  3 jellies
  3 bullfrog skeletons
  6 hounds
  6 orc priests
  3 centaur skeletons
  2 iguanas
  12 orc wizards
  6 worker ants
  A hound zombie (D:8)
  5 gnolls
  7 adders
  4 river rats (D:7)
  3 shadow imps
  2 white imps
  3 ufetubi
  An ooze (D:6)
  2 adder skeletons
  5 worms
  6 leopard geckos
  54 orcs
  A ball python (D:3)
  12 bats
  4 giant cockroaches
  7 hobgoblins
  22 kobolds
  A quokka (D:3)
  5 frilled lizards
  5 goblins
  A jackal skeleton (D:4)
  3 rats
288 creatures vanquished.

Vanquished Creatures (collateral kills)
  5 orc warriors (Bailey)
  4 orcs (Bailey)
9 creatures vanquished.

Vanquished Creatures (others)
  Maurice (D:8)
  9 fungi (D:8)
  61 plants
71 creatures vanquished.

Grand Total: 368 creatures vanquished

Notes
Turn   | Place    | Note
-------+----------+-------------------------------------------
     0 | D:1      | diana the Demonspawn Berserker began the quest for the Orb.
     0 | D:1      | Reached XP level 1. HP: 18/18 MP: 1/1
   145 | D:1      | Found an iron altar of Okawaru.
   381 | D:1      | Gained mutation: When hurt, damage is shared between your
                  | health and your magic reserves. [demonic ancestry]
   381 | D:1      | Reached XP level 2. HP: 22/24 MP: 2/2
  1616 | D:2      | Found a runed translucent door.
  1617 | D:2      | Noticed Crazy Yiuf
  1695 | D:2      | Reached XP level 3. HP: 12/30 MP: 3/3
  2005 | D:2      | Reached ** piety under Trog
  2099 | D:2      | Reached skill level 4 in Fighting
  2222 | D:2      | Gained mutation: You are partially covered in molten
                  | scales. (AC +2) [demonic ancestry]
  2222 | D:2      | Reached XP level 4. HP: 26/37 MP: 2/4
  3287 | D:3      | Gained mutation: You regenerate magic rapidly. [demonic
                  | ancestry]
  3287 | D:3      | Reached XP level 5. HP: 26/43 MP: 2/5
  3614 | D:3      | Found an iron altar of Okawaru.
  3672 | D:3      | Found an ancient bone altar of Kikubaaqudgha.
  3675 | D:3      | Found an ornate altar of the Wu Jian Council.
  3680 | D:3      | Found an opulent altar of Gozag.
  3775 | D:3      | Noticed Grinder
  3796 | D:3      | Paralysed by Grinder for 3 turns
  3809 | D:3      | Paralysed by Grinder for 2 turns
  3811 | D:3      | Killed Grinder
  3812 | D:3      | Reached skill level 5 in Fighting
  3812 | D:3      | Gained mutation: You are mostly covered in molten scales.
                  | (AC +3) [demonic ancestry]
  3812 | D:3      | Reached XP level 6. HP: 28/51 MP: 6/6
  4481 | D:3      | Reached skill level 6 in Fighting
  4550 | D:3      | Gained mutation: You regenerate a little health from kills.
                  | [demonic ancestry]
  4550 | D:3      | Reached XP level 7. HP: 33/58 MP: 4/7
  4754 | D:4      | Noticed Blork the orc
  4764 | D:4      | Killed Blork the orc
  4764 | D:4      | Reached *** piety under Trog
  4905 | D:4      | Found a snail-covered altar of Cheibriados.
  4932 | D:4      | Noticed Menkaure
  4938 | D:4      | Killed Menkaure
  4939 | D:4      | Reached skill level 7 in Fighting
  5066 | D:4      | Noticed Edmund
  5098 | D:4      | Killed Edmund
  5099 | D:4      | Reached skill level 5 in Axes
  5099 | D:4      | Reached XP level 8. HP: 43/67 MP: 4/8
  5336 | D:4      | Noticed Duvessa
  5336 | D:4      | Noticed Dowan
  5347 | D:4      | Killed Duvessa
  5363 | D:4      | Killed Dowan
  5520 | D:5      | Entered Level 5 of the Dungeon
  5587 | D:5      | Reached skill level 8 in Fighting
  5640 | D:5      | Reached skill level 5 in Armour
  5744 | D:5      | Noticed Pikel
  5768 | D:5      | Killed Pikel
  5769 | D:5      | Gained mutation: You have a pair of small horns on your
                  | head. [demonic ancestry]
  5769 | D:5      | Reached XP level 9. HP: 75/75 MP: 9/9
  5781 | D:5      | Reached skill level 9 in Fighting
  6109 | D:5      | Noticed Sigmund
  6121 | D:5      | Killed Sigmund
  6398 | D:6      | Found Nirhaph's Armour Shop.
  6467 | D:6      | Found a broken altar of Ashenzari.
  6479 | D:6      | Found a staircase to the Ecumenical Temple.
  6507 | D:6      | Found a sparkling altar of Nemelex Xobeh.
  6511 | D:6      | Reached **** piety under Trog
  6880 | D:7      | Reached skill level 10 in Fighting
  7046 | D:7      | Found Kat Levoybb's Antique Weapon Shoppe.
  7222 | D:7      | Gained mutation: You have a pair of horns on your head.
                  | [demonic ancestry]
  7222 | D:7      | Reached XP level 10. HP: 45/86 MP: 7/10
  7417 | D:7      | Noticed Harold
  7444 | D:7      | Killed Harold
  7445 | D:7      | Reached skill level 11 in Fighting
  7456 | D:7      | Reached ***** piety under Trog
  8025 | D:8      | Noticed Maurice
  8054 | D:8      | Killed Maurice
  8156 | D:8      | Found Muumak's Magic Scroll Emporium.
  8160 | D:8      | Bought a scroll of remove curse for 36 gold pieces
  8160 | D:8      | Bought a scroll of identify for 24 gold pieces
  8464 | D:8      | Noticed a skeletal warrior
  8464 | D:8      | Noticed a skeletal warrior
  8465 | D:8      | Found a glowing silver altar of Zin.
  8467 | D:8      | Noticed a skeletal warrior
  8468 | D:8      | Noticed a skeletal warrior
  8520 | D:7      | HP: 3/89 [skeletal warrior/+0 hand axe[a skeletal warrior]
                  | (6)]
  8524 | D:7      | Killed a skeletal warrior
  8525 | D:7      | Reached skill level 12 in Fighting
  9115 | D:9      | Gained mutation: You regenerate health from kills. [demonic
                  | ancestry]
  9115 | D:9      | Reached XP level 11. HP: 89/95 MP: 9/11
  9154 | D:9      | Found a shadowy altar of Dithmenos.
  9237 | D:10     | Entered Level 10 of the Dungeon
  9623 | D:10     | Noticed Maggie
  9634 | D:10     | Killed Maggie
  9720 | D:10     | Noticed a two-headed ogre
  9728 | D:10     | Killed a two-headed ogre
 10267 | D:10     | Found a staircase to the Orcish Mines.
 10402 | D:8      | Found a staircase to the Lair.
 10510 | D:8      | Noticed a skeletal warrior
 10531 | D:8      | Killed a skeletal warrior
 10560 | D:7      | Killed a skeletal warrior
 10561 | D:7      | Reached skill level 13 in Fighting
 10627 | D:7      | HP: 1/98 [skeletal warrior/+1 battleaxe of electrocution[a
                  | skeletal warrior] (7)]
 10940 | D:8      | Found a shadowy altar of Dithmenos.
 10943 | D:8      | Found a blossoming altar of Fedhas.
 10943 | D:8      | Found a shimmering altar of Xom.
 10945 | D:8      | Found a shimmering blue altar of Sif Muna.
 10945 | D:8      | Found a snail-covered altar of Cheibriados.
 10945 | D:8      | Found a burning altar of Makhleb.
 11072 | D:8      | Killed a skeletal warrior
 11146 | D:8      | Found a hazy altar of Hepliaklqana.
 11151 | D:8      | Found a radiant altar of Vehumet.
 11252 | D:7      | Killed a skeletal warrior
 11419 | D:11     | Reached ****** piety under Trog
 11441 | D:11     | Found a flagged portal.
 11461 | Bailey   | Entered a bailey
 11612 | Bailey   | Found a roughly hewn altar of Beogh.
 11612 | Bailey   | Noticed an orc knight
 11619 | Bailey   | Killed an orc knight
 11621 | Bailey   | Received a gift from Trog
 11627 | Bailey   | HP: 3/98 [orc warrior/+0 bardiche (14)]
 11627 | Bailey   | Slain by an orc warrior

Illustrated notes

Levels and vault maps discovered:
D:1:      denvon_arrival_planthouse, layout_loops_ring,
          amcnicky_mini_rare_corridor_liquid, okawaru_ov_weapons_minmay
D:2:      layout_basic, uniq_crazy_yiuf_cottage
D:3:      layout_basic, overflow_temple_1_default,
          grunt_temple_overflow_diamond, chequers_serial_rivers_micro_e,
          minmay_cupped, uniq_grinder
D:4:      layout_rooms, cheibriados_altar_1, uniq_blork_the_orc, uniq_duvessa,
          uniq_menkaure, uniq_edmund
D:5:      layout_loops_ring, uniq_sigmund, uniq_pikel
D:6:      layout_rooms, lemuel_doored_altar, nemelex_altar_shiori,
          minmay_temple_entry_hall, serial_shops, shop
D:7:      wad_woods_tower, layout_basic, serial_shops, nicolae_shop_stone,
          chequers_serial_rivers_room_a, minmay_between, uniq_harold
D:8:      layout_loops_ring, doesnt_xom_only_xom,
          minmay_overflow_temple_star_quad, grunt_lair_entry_orc_guard_hut,
          serial_shops, nicolae_shop_behind_doors, uniq_maurice
D:9:      layout_rooms, lemuel_coloured_pillars_altar
D:10:     layout_stronghold, orc_0_dummy, uniq_maggie
D:11:     layout_roguey, enter_bailey_6, portal_ice_cave_entry_ice_beasts,
          minmay_fountain_box
Bailey:   bailey_polearm_2, bailey

Skill      XL: |  1  2  3  4  5  6  7  8  9 10 11 |
---------------+----------------------------------+-----
Axes           | 3 4 5 6 7 8 9 |  9.4
Armour         | 2 3 4 5 6 8 9 |  9.1
Fighting       | 4 5 6 7 8 10 12 13 | 13.5
Dodging        | |  1.7

Action                   |  1- 3 |  4- 6 |  7- 9 | 10-12 || total
-------------------------+-------+-------+-------+-------++-------
Melee: Hand axe          |   146 |   201 |    22 |       ||   369
       War axe           |       |       |   318 |   513 ||   831
       Headbutt          |       |       |    41 |   113 ||   154
Invok: Berserk           |       |     2 |     1 |     4 ||     7
       Trog's Hand       |       |       |       |     2 ||     2
       Brothers in Arms  |       |       |       |     1 ||     1
Evoke: Wand              |       |       |       |     5 ||     5
  Use: Scroll            |       |       |       |    14 ||    14
       Potion            |       |       |       |     1 ||     1
Armor: Animal skin       |     2 |       |       |       ||     2
       Plate armour      |    98 |   196 |   298 |   351 ||   943
Dodge: Dodged            |    42 |    76 |   141 |   157 ||   416
